Get step-by-step instructions on how to execute this build order below. Start the game timer, and the build order will tick by so you can play in parallel with StarCraft on a second screen or mobile device.

Game Time

  0:00

Last Step

  N/A

Next Step

Upcoming Step



Don't want to look back and forth between 2 screens? Try out our Overwolf App, the Spawning Tool Build Advisor to get an in-game overlay with this build!

Complete Build Order

  14  0:20   Pylon  
  15  0:40   Gateway  
  17  0:52  Assimilator  
  19  1:24  Assimilator  
  19  1:28  Cybernetics Core  
  21  1:40  Nexus  
  22  1:56  Pylon  
  24  2:23  Mothership Core  
  24  2:24  Adept  
  24  2:25  Warp Gate  
  30  3:00  Sentry  
  32  3:08  Twilight Council  
  36  3:38  Gateway x2  
  38  3:47  Blink  
  40  4:09  Robotics Facility  
  40  4:15  Gateway x2  
  43  4:45  Assimilator x2